 Dungeon Crawl Stone Soup version 0.26-a0-639-g72c4674329 (webtiles) character file.

Game seed: 5003835455480040627

33 DogServant the Digger (level 3, -2/19 HPs)
             Began as a Gargoyle Earth Elementalist on Sept 20, 2020.
             Slain by a worm (10 damage)
             ... on level 2 of the Dungeon.
             The game lasted 00:01:41 (834 turns).

DogServant the Digger (Gargoyle Earth Elementalist)  Turns: 834, Time: 00:01:42

Health: -2/19      AC:  5    Str: 11    XL:     3   Next: 29%
Magic:  7/7        EV: 12    Int: 16    God:
Gold:   61         SH:  0    Dex: 10    Spells: 6/7 levels left

rFire    . . .     SeeInvis .   f - +0 short sword
rCold    . . .     Faith    .   (no shield)
rNeg     + . .     Spirit   .   c - +0 robe
rPois    ∞         Reflect  .   (no helmet)
rElec    +         Harm     .   (no cloak)
rCorr    .         Rampage  .   (no gloves)
MR       .....                  (no boots)
Stlth    ++........             (no amulet)
HPRegen  0.06/turn              (no ring)
MPRegen  0.10/turn              (no ring)

@: no status effects
A: negative energy resistance 1, electricity resistance, unbreathing,
petrification resistance, rot immunity, AC +3
a: no special abilities


You were on level 2 of the Dungeon.
You visited 1 branch of the dungeon, and saw 2 of its levels.

You collected 61 gold pieces.

Inventory:

Hand Weapons
 f - a +0 short sword (weapon)
Missiles
 b - 76 stones (quivered)
Armour
 c - a +0 robe (worn)
Jewellery
 d - an uncursed ring of fire {unknown}
Scrolls
 a - a scroll of identify {unknown}
Potions
 e - 2 potions of brilliance {unknown}


   Skills:
 - Level 1.5 Dodging
 - Level 2.1 Stealth
 + Level 2.7 Spellcasting
   Level 0.7 Transmutations
 + Level 4.4 Earth Magic


You had 6 spell levels left.
You knew the following spells:

 Your Spells              Type           Power        Failure   Level
a - Sandblast             Erth           ###...       3%          1

Your spell library contained the following spells:

 Spells                   Type           Power        Failure   Level
 Passwall                 Tmut/Erth      ##......     10%         2
 Stone Arrow              Conj/Erth      #.....       22%         3
 Petrify                  Tmut/Erth      ##......     54%         4
 Lee's Rapid Deconstruct  Erth           ###.......   63%         5


Dungeon Overview and Level Annotations

Branches:
Dungeon (1/15)

Altars:
Cheibriados
Trog


Innate Abilities, Weirdness & Mutations

You are resistant to torment.
Your stone body is resilient. (AC +3)
You are immune to poison.
You resist negative energy. (rN+)
You are resistant to electric shocks. (rElec)
You can survive without breathing.
You are immune to petrification.
You are immune to rotting.


Message History

The quokka bites you.
Found a puce potion.
You hit the worm.
The worm is moderately wounded.
The adder hisses angrily.
The quokka misses you.
You barely miss the worm.
The worm is moderately wounded.
The quokka bites you but does no damage.
The dart slug launches a dart at you. The slug dart hits you.
The worm barely misses you.
The quokka bites you but does no damage.
You hit the worm.
The worm is moderately wounded.
The quokka closely misses you. The adder bites you but does no damage.
You hit the worm.
The worm is moderately wounded.
The quokka bites you. The adder misses you. The worm bites you!
Ouch! That really hurt!
You die...

# ##.......... .. #
##.....⌠....# #.#####
...........# #......
#.._..._.. <...#.. .
........ ###.... ...
#.....# #....
..?..#Sw##.#########..#.
....w!w@........##...(..
......r########.#.#...#.
....... #..###..#.
..#(... ######.#.#.#.#.
......g #..............
...!#.. #.####.........
....... ####.#.#.# ...
#.. #..###. ##.## #


You could see 2 worms, an adder, a dart slug, a quokka and a goblin (asleep).

Vanquished Creatures
  An adder (D:2)
  A dart slug (D:1)
  2 giant cockroaches
  2 goblins
  5 hobgoblins
  3 jackals (D:2)
  3 bats (D:1)
  2 kobolds (D:1)
19 creatures vanquished.

Notes
Turn   | Place    | Note
-------+----------+-------------------------------------------
     0 | D:1      | DogServant the Gargoyle Earth Elementalist began the quest
                  | for the Orb.
     0 | D:1      | Reached XP level 1. HP: 10/10 MP: 3/3
   351 | D:1      | Reached XP level 2. HP: 15/15 MP: 3/5
   355 | D:1      | Reached skill level 4 in Earth Magic
   650 | D:1      | You fall into a shaft and drop 1 floor!
   672 | D:2      | Reached XP level 3. HP: 14/19 MP: 1/7
   825 | D:2      | Found a snail-covered altar of Cheibriados.
   826 | D:2      | Found a bloodstained altar of Trog.
   834 | D:2      | Slain by a worm

Illustrated notes

Levels and vault maps discovered:
D:1:      evilmike_arrival_plus, layout_loops_cross, item_on_display_b
D:2:      layout_loops_ring, grunt_temple_overflow_open, minmay_small_reverse_x

Skill      XL: |  1  2 |
---------------+-------+-----
Earth Magic    | 4 |  4.4
Dodging        | |  1.5
Stealth        | |  2.1
Spellcasting   | |  2.7
Transmutations | |  0.7

Action                   || total
-------------------------++-------
Melee: Unarmed           ||    26
       Short sword       ||    11
 Cast: Sandblast         ||    21
Armor: Robe              ||    22
Dodge: Dodged            ||    38

Table legend: (Time is in decaauts)
 A = Elapsed time spent in this place.
 B = Non-inter-level travel time spent in this place.
 C = Inter-level travel time spent in this place.
 D = Time resting spent in this place.
 E = Time spent auto-exploring this place.
 F = Levels seen in this place.
 G = Mean time per level.
                   A        B        C        D        E       F      G
               +--------+--------+--------+--------+--------+-----+--------+
         Total |    834 |    834 |      0 |      0 |    717 |   2 |  417.0 |
       Dungeon |    834 |    834 |      0 |      0 |    717 |   2 |  417.0 |
               +--------+--------+--------+--------+--------+-----+--------+

Top non-repeatable levels by time:
     D:1: 650 daAuts
     D:2: 184 daAuts
